 Dungeon Crawl Stone Soup version 0.32-a0-7-ge934b4519a (webtiles) character file.

Game seed: 9937907922090891292

446 keekatzer the Ruffian (level 7, 0/44 HPs)
             Began as a Kobold Berserker on Jan 13, 2024.
             Was a Believer of Trog.
             Killed from afar by an orc wizard (7 damage)
             ... with a puff of flame
             ... on level 7 of the Dungeon.
             The game lasted 00:19:01 (2994 turns).

keekatzer the Ruffian (Kobold Berserker)            Turns: 2994, Time: 00:19:03

Health: 0/44       AC: 10    Str: 16    XL:     7   Next: 24%
Magic:  7/7        EV: 18    Int:  8    God:    Trog [**....]
Gold:   230        SH:  4    Dex: 15    Spells: 6/6 levels left

rFire   . .          .
                       - Unarmed
rCold   . . .        z - +0 buckler
rNeg    . . .        l - +0 ring mail
rPois   .            t - +2 helmet
rElec   .            h - +0 cloak
rCorr   .            (no gloves)
SInv    .            i - +0 pair of boots
Will    ++...        (no amulet)
Stlth   ++           a - +5 ring of evasion
HPRegen 1.27/turn    (no ring)
MPRegen 0.10/turn

%: no passive effects
@: strong-willed, regenerating
A: small, no large weapons, nightstalker 3
a: Renounce Religion, Berserk, Trog's Hand


You were on level 7 of the Dungeon.
You worshipped Trog.
Trog was pleased with you.
You visited 1 branch of the dungeon, and saw 6 of its levels.

You collected 230 gold pieces.

Inventory:

Missiles
 f - a throwing net (quivered)
 m - 4 poisoned darts
Armour
 h - a +0 cloak (worn)
 i - a +0 pair of boots (worn)
 l - a +0 ring mail (worn)
 t - a +2 helmet (worn)
 z - a +0 buckler (worn)
Jewellery
 a - a +5 ring of evasion (left hand)
Talismans
 j - a talisman of death
 p - a beast talisman
Wands
 w - a wand of mindburst (5)
 B - a wand of iceblast (1)
Scrolls
 b - 4 scrolls of identify {unknown}
 g - a scroll of enchant weapon {unknown}
 q - a scroll of noise {unknown}
 s - a scroll of butterflies {unknown}
 u - a scroll of enchant armour {unknown}
 v - a scroll of revelation {unknown}
 x - a scroll of fear {unknown}
 y - a scroll of teleportation {unknown}
 C - a scroll of acquirement {unknown}
Potions
 c - 2 potions of magic {unknown}
 d - a potion of cancellation {unknown}
 e - 3 potions of ambrosia {unknown}
 k - 2 potions of degeneration {unknown}
 n - a potion of curing {unknown}
 o - a potion of enlightenment {unknown}
 r - a potion of berserk rage {unknown}
 A - a potion of haste {unknown}


   Skills:
 + Level 5.3 Fighting
 - Level 1.5 Armour
 - Level 2.4 Dodging
 * Level 6.6 Unarmed Combat


You had 6 spell levels left.
You didn't know any spells.
Your spell library was empty.

Dungeon Overview and Level Annotations

Branches:
Dungeon (7/15)
 Temple: D:4-7

Altars:
Vehumet

Shops:
D:7 *


Innate Abilities, Weirdness & Mutations

You are small and have problems with some larger weapons.
You are completely attuned to the shadows.


Message History

You barely miss the orc wizard. The orc wizard barely misses you.
You block something's attack.
You closely miss the orc wizard.
The orc wizard casts a spell.
The orc wizard flickers and vanishes!
Something hits you but does no damage.
You hit something. You hit something.
You hear some strange, mumbled words.
A magic dart appears from out of thin air!
The magic dart hits you. Something hits you.
You hit something. Something hits you. x2
You closely miss something. Something hits you.
Something hits you but does no damage.
You hit something. Something hits you but does no damage.
Something completely misses you.
You hit something. Something hits you but does no damage.
You hear some strange, mumbled words.
A puff of flame appears from out of thin air!
The puff of flame hits you!
You miss something. Something hits you but does no damage.
You hear a zap.
A puff of flame appears from out of thin air!
The puff of flame hits you!
* * * LOW HITPOINT WARNING * * *
You closely miss something.
Something hits you but does no damage. x2
You completely miss something. Something hits you.
* * * LOW HITPOINT WARNING * * *
Something barely misses you.
You closely miss something. Something hits you.
* * * LOW HITPOINT WARNING * * *
Something hits you.
* * * LOW HITPOINT WARNING * * *
You miss something.
Something hits you but does no damage. x2
Your skin crawls.
You feel strong-willed. Something closely misses you.
You hear some strange, mumbled words.
A puff of flame appears from out of thin air!
The puff of flame hits you!
You die...

....##. ..... #
.. #...#..
#.##.)..>.
.....@{..# #
.....#{.#.
#..##..#....
#..##..##.#.
.......##......
##..............
#.###.##.......
#......###.#.#
#......).....#


There were no monsters in sight!

Vanquished Creatures
  An ice beast (D:6)
  A jelly (D:4)
  A gnoll bouda (D:6)
  An orc priest (D:7)
  A hound (D:7)
  2 sleepcaps (D:6)
  Ijyb (D:3)
  An iguana (D:4)
  A statue (D:3)
  Robin (D:3)
  2 adders (D:4)
  A shadow imp (D:4)
  A ribbon worm (D:3)
  2 orcs
  7 bats
  9 endoplasms
  5 giant cockroaches
  11 goblins
  10 hobgoblins
  4 kobolds
  2 quokkas
  2 ball pythons
  2 frilled lizards (D:1)
  2 rats
71 creatures vanquished.

Notes
Turn   | Place    | Note
-------+----------+-------------------------------------------
     0 | D:1      | keekatzer the Kobold Berserker began the quest for the Orb.
     0 | D:1      | Reached XP level 1. HP: 14/14 MP: 1/1
   215 | D:1      | Reached XP level 2. HP: 18/19 MP: 2/2
   620 | D:1      | Reached XP level 3. HP: 21/24 MP: 3/3
   804 | D:2      | Reached ** piety under Trog
   983 | D:2      | Found a faded altar of an unknown god.
  1101 | D:2      | Reached skill level 4 in Unarmed Combat
  1564 | D:3      | Reached XP level 4. HP: 29/29 MP: 4/4
  1570 | D:3      | Noticed Robin
  1592 | D:3      | Killed Robin
  1666 | D:3      | Found a radiant altar of Vehumet.
  1668 | D:3      | Noticed a frost-covered statue
  1676 | D:3      | Killed a frost-covered statue
  1930 | D:3      | Noticed Ijyb
  1935 | D:3      | Killed Ijyb
  1936 | D:3      | Reached XP level 5. HP: 34/34 MP: 5/5
  2293 | D:4      | Reached skill level 5 in Unarmed Combat
  2558 | D:4      | Reached XP level 6. HP: 24/39 MP: 6/6
  2655 | D:4      | You fall into a shaft and drop 2 floors!
  2656 | D:6      | Noticed an ice beast
  2664 | D:6      | Killed an ice beast
  2665 | D:6      | Reached skill level 5 in Fighting
  2665 | D:6      | Reached skill level 6 in Unarmed Combat
  2763 | D:6      | Noticed an ogre
  2801 | D:6      | Reached XP level 7. HP: 44/44 MP: 7/7
  2843 | D:7      | Found Toka's Fire Supplies.
  2994 | D:7      | Killed from afar by an orc wizard

Illustrated notes

Levels and vault maps discovered:
D:1:      kilobyte_arrival_exit_the_forest, layout_rooms, serial_forest,
          infiniplex_forest_clump_long, infiniplex_forest_end_1,
          infiniplex_forest_lined_2, infiniplex_forest_diagonal,
          infiniplex_forest_lined_4_way, infiniplex_forest_clump_tiny,
          infiniplex_forest_straight_3, chequers_serial_rivers_micro_b
D:2:      layout_loops_ring, basic_ecumenical_altar
D:3:      layout_loops_corners, vehumet_statue, uniq_ijyb, uniq_robin
D:4:      layout_basic, minmay_cupped
D:6:      layout_gridville, minmay_temple_entry_grid
D:7:      layout_basic, grunt_temple_overflow_gold_and_silver,
          nicolae_overflow_crystal_walls, serial_glass, glass_columns_a,
          glass_columns_a, glass_columns_a, glass_columns_a, glass_columns_a,
          glass_columns_a, glass_columns_a, glass_columns_a, enter_bailey_3,
          nicolae_shop_fire_sale [nicolae_sub_dead_trees]

Skill      XL: |  1  2  3  4  5  6 |
---------------+-------------------+-----
Unarmed Combat | 4 5 6 |  6.6
Fighting       | 4 5 |  5.3
Armour         | |  1.5
Dodging        | |  2.4

Action                     |  1- 3 |  4- 6 |  7- 9 || total
---------------------------+-------+-------+-------++-------
  Melee: Unarmed           |   125 |   111 |    35 ||   271
         Punch             |     5 |     1 |       ||     6
  Throw: Throwing net      |       |       |     1 ||     1
 Invoke: Berserk           |       |     5 |       ||     5
         Trog's Hand       |       |       |     1 ||     1
   Stab: Sleeping          |     6 |     3 |       ||     9
         Distracted        |       |     1 |       ||     1
 Armour: Animal skin       |    11 |       |       ||    11
         Chain mail        |     6 |       |       ||     6
         Ring mail         |    20 |    34 |    29 ||    83
  Dodge: Dodged            |    77 |    66 |    17 ||   160
  Block: Buckler           |       |     5 |     6 ||    11

Table legend: (Time is in decaauts)
 A = Elapsed time spent in this place.
 B = Non-inter-level travel time spent in this place.
 C = Inter-level travel time spent in this place.
 D = Time resting spent in this place.
 E = Time spent auto-exploring this place.
 F = Levels seen in this place.
 G = Mean time per level.
                   A        B        C        D        E       F      G
               +--------+--------+--------+--------+--------+-----+--------+
         Total |   3020 |   3020 |      0 |    166 |     35 |   6 |  503.3 |
       Dungeon |   3020 |   3020 |      0 |    166 |     35 |   6 |  503.3 |
               +--------+--------+--------+--------+--------+-----+--------+

Top non-repeatable levels by time:
     D:3: 921 daAuts
     D:1: 700 daAuts
     D:2: 666 daAuts
     D:4: 380 daAuts
     D:6: 178 daAuts
     D:7: 174 daAuts
